 Dungeon Crawl Stone Soup version 0.31-a0-986-g5e6e4ef867 (webtiles) character file.

Game seed: 12642904098894034816

6562 Jeffwins the Grappler (level 11, -2/81 HPs)
             Began as a Vine Stalker Shapeshifter on Nov 13, 2023.
             Slain by a troll (11 damage)
             ... on level 8 of the Dungeon.
             The game lasted 00:18:05 (8336 turns).

Jeffwins the Grappler (Vine Stalker Shapeshifter)   Turns: 8336, Time: 00:18:05

Health: -2/81      AC: 25    Str: 15 (16) XL:     11   Next: 1%
Magic:  0/15       EV:  2    Int: 18 (20) God:
Gold:   77         SH:  5    Dex: 12 (15) Spells: 3/14 levels left

rFire   . .          .
                       - Unarmed
rCold   . . .        (no shield)
rNeg    . . .        J - melded +0 steam dragon scales
rPois   +            (helmet currently unavailable)
rElec   .            p - melded +0 cloak
rCorr   +            (gloves currently unavailable)
SInv    .            (boots currently unavailable)
Will    +....        a - amulet of reflection
Stlth   +++          I - +6 ring of intelligence
HPRegen 1.13/turn    R - ring of resist corrosion
MPRegen 0.14/turn

%: reflection, guardian spirit
@: confusing by touch, tree-form
A: stationary, stasis, torment immunity, boosted hp, (fangs 3), regeneration 1,
magic shield, (antimagic bite), no potion heal 2
a: no special abilities


You were on level 8 of the Dungeon.
You were a tree.
You visited 2 branches of the dungeon, and saw 10 of its levels.

You collected 365 gold pieces.
You spent 288 gold pieces at shops.


Innate Abilities, Weirdness & Mutations

You are a tree.
Your roots penetrate the ground, keeping you stationary.
You cannot be teleported.
You are immune to unholy pain and torment.
Your maximum health is greatly increased.
Your equipment is partially melded.
((You have razor-sharp teeth.))
Your natural rate of healing is unusually fast.
When hurt, damage is shared between your health and your magic reserves.
((Your bite disrupts and absorbs the magic of your enemies.))
Potions cannot restore your health.


   Skills:
 + Level 4.8 Fighting
 + Level 4.6 Dodging
 - Level 5.0 Stealth
 + Level 3.9 Shields
 * Level 8.1 Unarmed Combat
 - Level 2.0 Spellcasting
 * Level 5.9 Hexes
 + Level 4.0 Evocations
 * Level 7.5 Shapeshifting


You had 3 spell levels left.
You knew the following spells:

 Your Spells              Type           Power      Damage    Failure   Level
o - Confusing Touch       Hex            23%        N/A       4%          3
s - Slow                  Hex            92%        N/A       1%          1
X - Enfeeble              Hex            11%        N/A       100%        7

Your spell library contained the following spells:

 Spells                   Type           Power      Damage    Failure   Level
 Sigil of Binding         Hex            23%        N/A       4%          3
 Inner Flame              Hex/Fire       12%        N/A       16%         3
 Lesser Beckoning         Tloc           2%         N/A       26%         2
 Static Discharge         Conj/Air       2%         3-4/arc   26%         2
 Gell's Gravitas          Tloc           1%         N/A       47%         3
 Ozocubu's Armour         Ice            1%         N/A       47%         3
 Teleport Other           Tloc           1%         N/A       47%         3
 Vampiric Draining        Necr           1%         2d6       47%         3
 Metabolic Englaciation   Hex/Ice        6%         N/A       83%         5
 Yara's Violent Unravell  Hex/Tmut       6%         3d5       83%         5
 Airstrike                Air            0%         2d(1-17)  87%         4
 Summon Lightning Spire   Summ/Air       1%         N/A       87%         4
 Simulacrum               Ice/Necr       0%         N/A       100%        6

Inventory:

Hand Weapons
 g - a +0 dagger of electrocution
 D - the +5 woodcutter's axe
   (You found it on level 5 of the Dungeon)
Missiles
 l - 15 poisoned darts
Armour
 p - a +0 cloak (melded)
 x - a +2 leather armour of fire resistance
 z - a +2 ring mail of poison resistance
 A - a +0 tower shield
 J - +0 steam dragon scales (melded)
 L - +0 swamp dragon scales
 N - a +0 kite shield
Jewellery
 a - an amulet of reflection (around neck)
 f - a ring of fire
 C - a ring of protection from cold
 F - a ring of fire
 I - a +6 ring of intelligence (left branch)
 R - a ring of resist corrosion (right branch)
 Z - a ring of wizardry
Talismans
 c - a beast talisman
 d - a flux talisman (active)
Wands
 v - a wand of mindburst (26)
 G - a wand of flame (59)
Scrolls
 h - 3 scrolls of poison {!r}
 i - 4 scrolls of enchant armour
 j - 4 scrolls of noise {unknown}
 m - a scroll of brand weapon
 n - 3 scrolls of fear {unknown}
 s - a scroll of butterflies
 t - 2 scrolls of enchant weapon
 y - 3 scrolls of fog
 B - a scroll of identify {@r1}
 K - a scroll of blinking {unknown}
 M - 2 scrolls of vulnerability {unknown}
Potions
 e - 5 potions of curing {@q1}
 k - a potion of ambrosia {unknown}
 o - 4 potions of heal wounds {unknown}
 q - 2 potions of magic
 r - 2 potions of cancellation {unknown}
 u - 5 potions of degeneration {!q}
 w - 2 potions of enlightenment {unknown}
 E - a potion of mutation {unknown}
 H - a potion of invisibility {unknown}

Dungeon Overview and Level Annotations

Branches:
Dungeon (9/15)             Temple (1/1) D:5
   Lair: D:8-11         Orc: D:9-12

Altars:
Ashenzari
Cheibriados
Dithmenos
Elyvilon
Fedhas
Gozag
Makhleb
Nemelex Xobeh
Okawaru
Qazlal
Ru
Trog
Uskayaw
Vehumet
Wu Jian
Yredelemnul
Zin
The Shining One

Shops:
D:4 ** D:7

* ######## #####
#......# ##...##
#.####.# ##.###.#
#.####.###.## ##.
#.##.......# #.
######.##.#.##..## ##.
#...........###..###..
#.###K###.### ##....##
#.# #♣K...# #.####
#.###T##### #.#
#.....# ##'## ###.###
##...## #.####
##.....## #.##.##
##.......##
#.#)[.####.........#
#..).....+.........'
#.#)..####.........#


You could see a troll and 2 kobolds.


Message History

* * * LOW HITPOINT WARNING * * *
The gnoll sergeant misses you.
You climb upwards.
There is a stone staircase leading down, spattered with blood here.
Unknown command.
Unknown command.
Casting: Confusing Touch (dangerous; 4% risk of failure)
Confirm with . or Enter, or press ? or * to list all spells.
Your hands begin to glow red.
The kobold hits you but does no damage. x2
The troll bites you!
* * * LOW HITPOINT WARNING * * *
The troll claws you!
* * * LOW HITPOINT WARNING * * *
The troll misses you.
You barely miss the troll. The kobold closely misses you. x2
The troll bites you.
* * * LOW HITPOINT WARNING * * *
The troll completely misses you. The troll misses you.
Unknown command.
Unknown command.
Unknown command.
Okay, then.
Okay, then.
Unknown command.
Your transformation has ended.
You turn into a tree.
Your +0 cloak melds into your body.
Your +0 steam dragon scales melds into your body.
Your roots penetrate the ground.
The kobold hits you but does no damage. x2
The troll bites you!
You die...

Skill      XL: |  1  2  3  4  5  6  7  8  9 10 |
---------------+-------------------------------+-----
Fighting       | 1 2 3 4 |  4.8
Stealth        | 1 2 3 4 5 |  5.0
Dodging        | 2 3 4 |  4.6
Unarmed Combat | 4 5 6 7 8 |  8.1
Shapeshifting  | 4 5 6 7 |  7.5
Evocations     | 1 2 3 4 |  4.0
Shields        | 1 3 |  3.9
Spellcasting   | 2 |  2.0
Hexes          | 2 4 5 |  5.9

Action                     |  1- 3 |  4- 6 |  7- 9 | 10-12 || total
---------------------------+-------+-------+-------+-------++-------
  Melee: Unarmed           |    96 |   183 |   352 |   145 ||   776
         Bite              |    20 |    49 |   131 |    64 ||   264
         Punch             |       |     4 |    18 |       ||    22
   Cast: Confusing Touch   |       |       |     1 |    11 ||    12
  Evoke: Wand              |       |     1 |     8 |     8 ||    17
    Use: Scroll            |       |       |     9 |     1 ||    10
         Potion            |       |       |     1 |     3 ||     4
   Stab: Sleeping          |     1 |     8 |     3 |     1 ||    13
         Distracted        |       |       |     1 |       ||     1
         Confused          |       |       |       |     4 ||     4
 Armour: Animal skin       |    56 |    70 |       |       ||   126
         Leather armour    |       |    25 |   152 |       ||   177
         Skin              |       |       |     1 |     3 ||     4
         Steam dragon scal |       |       |    80 |   120 ||   200
  Dodge: Dodged            |    68 |    86 |   206 |   102 ||   462
  Block: Other             |       |     5 |    87 |    41 ||   133
         Reflection        |       |       |     1 |     3 ||     4
   Form: Flux              |       |     3 |     2 |       ||     5
                           |       |     2 |     1 |       ||     3
         Beast             |       |     1 |       |       ||     1

Levels and vault maps discovered:
D:1:      dpeg_arrival_windows_large_door, layout_basic
D:2:      layout_loops_ring, basic_altar, chequers_serial_rivers_large_a,
          minivault_11, kennysheep_donut, uniq_natasha, uniq_crazy_yiuf_cottage
D:3:      layout_basic, lemuel_doored_altar, nicolae_overflow_hidden_temple,
          cheibrodos_ashenzari_chains, dreamdust_ecumenical_altar_grove
D:4:      kennysheep_spiral_hall, layout_rooms, nicolae_specific_store,
          uniq_pargi, uniq_ijyb, uniq_sigmund
D:5:      layout_layer_cave, nicolae_uskayaw_suspiria, temple_hall,
          minmay_statues_item, uniq_eustachio, uniq_duvessa
D:6:      layout_basic, roderic_lattice_a
D:7:      layout_cave_pools, nicolae_shop_gadgets, uniq_joseph, uniq_maggie
D:8:      layout_loops_corners, amethyst_overflow_temple_binary,
          minmay_misc_feat_secret_circle, einodemon_armed_red_devil_minivault
D:9:      cheibrodos_ideogram_h, layout_irregular_city, lair_entry_dummy
Temple:   nicolae_temple_hex_pool

Notes
Turn   | Place    | Note
-------+----------+-------------------------------------------
     0 | D:1      | Jeffwins the Vine Stalker Shapeshifter began the quest for
                  | the Orb.
     0 | D:1      | Reached XP level 1. HP: 9/9 MP: 2/2
    69 | D:1      | Reached skill level 1 in Fighting
   288 | D:1      | Reached XP level 2. HP: 14/14 MP: 3/3
   927 | D:2      | Reached skill level 1 in Stealth
   927 | D:2      | Reached XP level 3. HP: 18/18 MP: 4/4
  1008 | D:2      | Noticed Natasha
  1017 | D:2      | Killed Natasha
  1176 | D:2      | Noticed Natasha
  1181 | D:2      | Killed Natasha
  1182 | D:2      | Reached skill level 2 in Dodging
  1182 | D:2      | Reached XP level 4. HP: 18/22 MP: 3/5
  1214 | D:2      | Found a bloodstained altar of Trog.
  1396 | D:2      | Found a runed translucent door.
  1397 | D:2      | Noticed Crazy Yiuf
  1467 | D:2      | Noticed Natasha
  1480 | D:2      | Killed Natasha
  1722 | D:2      | Reached XP level 5. HP: 20/26 MP: 3/6
  1770 | D:2      | Reached skill level 2 in Stealth
  1964 | D:2      | Killed Crazy Yiuf
  1965 | D:2      | Reached skill level 4 in Unarmed Combat
  2039 | D:3      | Found a broken altar of Ashenzari.
  2178 | D:3      | Reached skill level 2 in Fighting
  2200 | D:3      | Found a faded altar of an unknown god.
  2337 | D:3      | Found an opulent altar of Gozag.
  2394 | D:3      | Found a sparkling altar of Nemelex Xobeh.
  2416 | D:3      | Reached skill level 4 in Shapeshifting
  2448 | D:3      | Reached XP level 6. HP: 10/30 MP: 1/7
  2715 | D:4      | Found Ridac's General Store.
  2717 | D:4      | Found Beraario's Specific Store.
  2726 | D:4      | Bought a wand of mindburst (6) for 92 gold pieces
  2799 | D:4      | Noticed Ijyb
  2876 | D:4      | Killed Ijyb
  3003 | D:4      | Noticed Pargi
  3021 | D:4      | Killed Pargi
  3022 | D:4      | Reached skill level 3 in Stealth
  3092 | D:4      | Reached XP level 7. HP: 12/35 MP: 2/8
  3223 | D:4      | Noticed Sigmund
  3247 | D:4      | Reached skill level 1 in Evocations
  3256 | D:4      | Killed Sigmund
  3257 | D:4      | Reached skill level 5 in Unarmed Combat
  3403 | D:5      | Entered Level 5 of the Dungeon
  3424 | D:5      | Noticed Eustachio
  3511 | D:5      | Killed Eustachio
  3512 | D:5      | Reached skill level 1 in Shields
  3552 | D:5      | Gained mutation: You have razor-sharp teeth. [Vine Stalker
                  | growth]
  3552 | D:5      | Reached XP level 8. HP: 32/39 MP: 5/9
  3636 | D:5      | Found the +5 woodcutter's axe
  3693 | D:5      | Reached skill level 3 in Dodging
  3788 | D:5      | Learned a level 7 spell: Enfeeble
  3848 | D:5      | Reached skill level 5 in Shapeshifting
  3918 | D:5      | Reached skill level 3 in Fighting
  3984 | D:5      | Reached skill level 1 in Spellcasting
  4010 | D:5      | Reached skill level 1 in Hexes
  4050 | D:5      | Reached skill level 4 in Stealth
  4283 | D:5      | Reached skill level 2 in Evocations
  4285 | D:5      | Learned a level 1 spell: Slow
  4410 | D:5      | Reached skill level 2 in Hexes
  4466 | D:5      | Noticed Dowan
  4467 | D:5      | Noticed Duvessa
  4486 | D:5      | Killed Duvessa
  4487 | D:5      | Reached skill level 6 in Unarmed Combat
  4487 | D:5      | Reached skill level 2 in Spellcasting
  4496 | D:5      | Killed Dowan
  4573 | D:5      | Reached XP level 9. HP: 35/44 MP: 11/13
  4707 | D:5      | Found a hide-covered altar of Uskayaw.
  4868 | D:5      | Reached skill level 2 in Shields
  4945 | D:5      | Found a staircase to the Ecumenical Temple.
  5020 | Temple   | Entered the Ecumenical Temple
  5212 | D:6      | Reached skill level 3 in Hexes
  5248 | D:6      | HP: 2/36 [wight/+2 halberd (2)]
  6313 | D:6      | Reached skill level 6 in Shapeshifting
  6352 | D:6      | Reached skill level 5 in Stealth
  6393 | D:6      | Learned a level 3 spell: Confusing Touch
  6450 | D:7      | Noticed Maggie
  6480 | D:7      | Noticed Joseph
  6510 | D:7      | Killed Joseph
  6511 | D:7      | Reached skill level 3 in Evocations
  6520 | D:7      | Reached skill level 4 in Hexes
  6532 | D:7      | Killed Maggie
  6533 | D:7      | Reached skill level 4 in Fighting
  6533 | D:7      | Reached skill level 7 in Unarmed Combat
  6649 | D:7      | Reached skill level 3 in Shields
  6649 | D:7      | Reached XP level 10. HP: 43/49 MP: 12/14
  6653 | D:7      | Reached skill level 4 in Dodging
  6765 | D:7      | Found Moepp's Gadget Gallery.
  6792 | D:7      | Bought a wand of mindburst (10) for 196 gold pieces
  7215 | D:8      | Noticed a two-headed ogre
  7232 | D:8      | Killed a two-headed ogre
  7233 | D:8      | Reached skill level 5 in Hexes
  7346 | D:8      | Found a radiant altar of Vehumet.
  7346 | D:8      | Found a basalt altar of Yredelemnul.
  7415 | D:8      | Reached skill level 7 in Shapeshifting
  8132 | D:8      | Reached skill level 8 in Unarmed Combat
  8132 | D:8      | Reached skill level 4 in Evocations
  8270 | D:8      | Reached XP level 11. HP: 28/54 MP: 9/15
  8335 | D:8      | HP: 5/54 [troll (5)]
  8336 | D:8      | Slain by a troll

Vanquished Creatures
  A two-headed ogre (D:8)
  Joseph (D:7)
  Maggie (D:7)
  A troll (D:8)
  3 red devils (D:8)
  Sigmund (D:4)
  A vampire (D:8)
  A wraith (D:6)
  2 wyverns (D:8)
  Eustachio (D:5)
  A yak (D:8)
  3 steam dragons
  Duvessa (D:5)
  2 ice beasts
  2 sky beasts
  An orc warrior (D:8)
  Pargi (D:4)
  2 ogres
  A centaur (D:8)
  2 kobold brigands
  5 bullfrogs
  2 gnoll sergeants
  6 scorpions
  3 wights (D:6)
  Dowan (D:5)
  A howler monkey (D:8)
  2 jellies (D:5)
  2 orc priests
  A hound (D:4)
  A gnoll bouda (D:7)
  Crazy Yiuf (D:2)
  3 sleepcaps
  Ijyb (D:4)
  6 iguanas
  7 orc wizards
  Natasha (thrice) (D:2)
  11 gnolls
  9 adders
  3 shadow imps
  A white imp (D:8)
  2 ufetubi (D:6)
  2 worms
  4 dart slugs
  13 orcs
  6 bats
  9 endoplasms
  A giant cockroach (D:1)
  8 goblins
  4 hobgoblins
  10 jackals
  10 kobolds
  2 quokkas
  3 ball pythons
  4 frilled lizards
  5 rats
181 creatures vanquished.

Vanquished Creatures (others)
  A howler monkey (D:8)
1 creature vanquished.

Grand Total: 182 creatures vanquished

Table legend: (Time is in decaauts)
 A = Elapsed time spent in this place.
 B = Non-inter-level travel time spent in this place.
 C = Inter-level travel time spent in this place.
 D = Time resting spent in this place.
 E = Time spent auto-exploring this place.
 F = Levels seen in this place.
 G = Mean time per level.
                   A        B        C        D        E       F      G
               +--------+--------+--------+--------+--------+-----+--------+
         Total |   8321 |   8021 |    300 |    437 |   5640 |  10 |  832.1 |
       Dungeon |   8319 |   8019 |    300 |    437 |   5640 |   9 |  924.3 |
        Temple |      1 |      1 |      0 |      0 |      0 |   1 |    1.0 |
               +--------+--------+--------+--------+--------+-----+--------+

Top non-repeatable levels by time:
     D:5: 1550 daAuts
     D:6: 1315 daAuts
     D:8: 1284 daAuts
     D:2: 1157 daAuts
     D:1: 889 daAuts
     D:4: 799 daAuts
     D:3: 634 daAuts
     D:7: 610 daAuts
     D:9: 76 daAuts
  Temple: 1 daAuts

Table legend:
 A = Non-vault XP
 B = Vault XP
 C = Vault XP percentage of total XP
 D = Non-vault monster count
 E = Vault monster count
 F = Vault count percentage of total count
                 A         B        C        D         E       F
            +---------+---------+-------+---------+---------+-------
      Total |    5687 |    3688 |  39.3 |     157 |      25 |  13.7
            +---------+---------+-------+---------+---------+-------
        D:1 |      30 |       0 |   0.0 |      17 |       0 |   0.0
        D:2 |     115 |      72 |  38.5 |      22 |       2 |   8.3
        D:3 |     122 |       0 |   0.0 |      23 |       0 |   0.0
        D:4 |     219 |     390 |  64.0 |      16 |       7 |  30.4
        D:5 |    1149 |     400 |  25.8 |      28 |       3 |   9.7
        D:6 |    1143 |       0 |   0.0 |      18 |       0 |   0.0
        D:7 |     610 |     827 |  57.6 |      13 |       2 |  13.3
        D:8 |    2160 |    1964 |  47.6 |      16 |      10 |  38.5
        D:9 |     139 |      35 |  20.1 |       4 |       1 |  20.0
            +---------+---------+-------+---------+---------+-------
